 Dungeon Crawl Stone Soup version 0.28.0-53-g5a82cb258f (webtiles) character file.

Game seed: 16056027405792462865

4708 DocClef the Brawler (level 10, -8/85 HPs)
             Began as a Troll Gladiator on June 26, 2022.
             Was a Priest of Cheibriados.
             Mangled by Erica
             ... wielding a +1 scimitar of flaming
              (11 damage)
             ... on level 8 of the Dungeon.
             The game lasted 00:10:42 (7069 turns).

DocClef the Brawler (Troll Gladiator)               Turns: 7069, Time: 00:10:43

Health: -8/85      AC:  4    Str: 38    XL:     10   Next: 22%
Magic:  9/9        EV: 11    Int: 14    God:    Cheibriados [***...]
Gold:   252        SH:  0    Dex: 19    Spells: 9/9 levels left

rFire   . . .      SeeInvis .     - Unarmed
rCold   + . .      Faith    .   (no shield)
rNeg    . . .      Spirit   .   p - +0 robe {rC+}
rPois   .          Reflect  .   b - +0 hat
rElec   +          Harm     .   (no cloak)
rCorr   +          Rampage  .   (gloves unavailable)
Will    .....                   (boots unavailable)
Stlth   ++........              (no amulet)
HPRegen 1.04/turn               i - ring of resist corrosion
MPRegen 0.11/turn               k - ring of flight

@: mighty, lethally poisoned (-8 -> -12), flying, hasted
A: large, unfitting armour, claws 3, regeneration 1, shaggy fur 1, tough skin 1,
clever 1, electricity resistance, strong 1
a: Renounce Religion, Bend Time, Temporal Distortion


You were on level 8 of the Dungeon.
You worshipped Cheibriados.
Cheibriados was most pleased with you.
You visited 2 branches of the dungeon, and saw 9 of its levels.

You collected 252 gold pieces.

Inventory:

Missiles
 c - 3 throwing nets (quivered)
Armour
 b - a +0 hat (worn)
 p - a +0 robe of cold resistance (worn)
Jewellery
 a - a ring of willpower
 i - a ring of resist corrosion (left claw)
 k - a ring of flight (right claw)
Wands
 d - a wand of paralysis (8)
 e - a wand of digging (5)
 x - a wand of charming (9)
Scrolls
 g - 2 scrolls of fog {unknown}
 j - 4 scrolls of fear {unknown}
 l - 3 scrolls of brand weapon {unknown}
 n - 11 scrolls of identify {unknown}
 o - 3 scrolls of teleportation
 r - 4 scrolls of vulnerability {unknown}
 u - a scroll of blinking {unknown}
 v - a scroll of silence {unknown}
Potions
 h - 3 potions of mutation
 q - a potion of might
 s - 2 potions of cancellation {unknown}
 t - 2 potions of heal wounds {unknown}
 w - a potion of attraction {unknown}
 z - a potion of degeneration {unknown}


   Skills:
 - Level 1.5 Fighting
 - Level 1.7 Throwing
 - Level 2.4 Dodging
 + Level 15.1 Unarmed Combat


You had 9 spell levels left.
You didn't know any spells.
Your spell library contained the following spells:

 Spells                   Type           Power      Damage    Failure   Level
 Foxfire                  Conj/Fire      0%         2x1d4     28%         1
 Conjure Flame            Conj/Fire      0%         6-21      65%         3
 Inner Flame              Hex/Fire       0%         N/A       65%         3
 Flame Wave               Conj/Fire      0%         2d4       96%         4


Dungeon Overview and Level Annotations

Branches:
Dungeon (8/15)             Temple (1/1) D:4            Lair (0/6) D:8

Altars:
Ashenzari
Cheibriados
Elyvilon
Fedhas
Gozag
Hepliaklqana
Kikubaaqudgha
Makhleb
Nemelex Xobeh
Okawaru
Qazlal
Ru
Sif Muna
Trog
Uskayaw
Vehumet
Wu Jian
Xom
Yredelemnul
Zin
The Shining One
Lugonu

Shops:
D:2 ?   D:3 *

Portals:
Abyss: D:6

Annotations:
D:5 2 transporters
D:8 Erica, Maurice


Innate Abilities, Weirdness & Mutations

You are too large for most types of armour.
You have claws for hands.
Your natural rate of healing is unusually fast.
You are covered in fur. (AC +1)
You have tough skin. (AC +1)
Your mind is acute. (Int +2)
You are resistant to electric shocks. (rElec)
Your muscles are strong. (Str +2)


Message History

You bump into the rock wall.
Something hits you! Something burns you.
You bump into the rock wall.
You feel less confused. Something hits you! Something burns you.
The water moccasin bites you.
You are poisoned.
The water moccasin poisons you!
You feel very sick. The water moccasin misses you.
Unknown command.
You mangle the water moccasin!!
You kill the water moccasin!
Cheibriados thoroughly appreciates the change of pace.
You feel sick.
You hear some strange, mumbled words.
A bolt of poison appears from out of thin air!
The bolt of poison hits you!!
You are more poisoned.
It was a potion of mutation.
You feel extremely strange.
You feel clever.
You feel stronger.
You feel insulated.
You feel very sick.
You mangle something!!
You feel very sick. Something hits you!
* * * LOW HITPOINT WARNING * * *
Something burns you.
* * * LOW HITPOINT WARNING * * *
You miss something.
You feel sick.
Okay, then.
It was a potion of haste.
You feel yourself speed up.
Cheibriados forgives your accidental hurry, just this once.
You feel very sick. Something hits you.
* * * LOW HITPOINT WARNING * * *
Something burns you.
* * * LOW HITPOINT WARNING * * *
It was a potion of might.
You feel very mighty all of a sudden.
* * * LOW HITPOINT WARNING * * *
You feel sick. Something hits you!
You die...

# #### ## #..# ####
.####..## .... .
.#......# ... ..
.......## ..# .##
........### ..#...#
.....###..# .....
..........########..#
##..##.##...#...@{..#
###..####......###.....#
#....#..##...>..##.##..#
.................#.# .#
.###......####...#..
............#......#
.........P.......#.#
(.........P.....##..
........P...♣....


There were no monsters in sight!

Vanquished Creatures
  A hornet (D:8)
  Grinder (D:4)
  The ghost of popopop1279 the Shooter, an amateur TeHu (D:4)
  A vampire (D:6)
  A basilisk (D:8)
  3 wyverns
  The ghost of Tiocfaidh the Stinger, an amateur FoVM (D:4)
  Menkaure (D:5)
  The ghost of Diggabert the Poker, an amateur VSFi (D:4)
  3 water moccasins
  3 black bears
  An ice beast (D:6)
  A necrophage (D:7)
  An orc warrior (D:8)
  A centaur (D:5)
  2 ogres
  3 wolves
  A wyvern zombie (D:7)
  A gnoll sergeant (D:5)
  2 scorpions (D:5)
  A water moccasin skeleton (D:4)
  5 wights (D:7)
  3 killer bees (D:7)
  A howler monkey (D:6)
  6 orc priests
  5 hounds
  2 centaur skeletons (D:7)
  4 bullfrog skeletons
  A gnoll shaman (D:6)
  A jelly (D:6)
  3 iguanas
  7 orc wizards
  7 gnolls
  3 adders
  A howler monkey skeleton (D:6)
  A white imp (D:7)
  An ufetubus (D:5)
  An adder skeleton (D:4)
  3 worms
  2 dart slugs
  30 orcs
  12 endoplasms
  2 giant cockroaches
  7 goblins
  13 hobgoblins
  6 jackals
  8 kobolds
  2 quokkas
  3 ball pythons
  A bat (D:2)
  7 frilled lizards
  6 rats
  A lurking horror (D:6)
186 creatures vanquished.

Vanquished Creatures (others)
  2 fungi (D:8)
  5 plants (D:8)
  4 withered plants (D:4)
11 creatures vanquished.

Grand Total: 197 creatures vanquished

Notes
Turn   | Place    | Note
-------+----------+-------------------------------------------
     0 | D:1      | DocClef the Troll Gladiator began the quest for the Orb.
     0 | D:1      | Reached XP level 1. HP: 19/19 MP: 0/0
    89 | D:1      | Reached XP level 2. HP: 25/27 MP: 1/1
   152 | D:1      | Reached skill level 4 in Unarmed Combat
   430 | D:1      | Reached XP level 3. HP: 33/33 MP: 2/2
   807 | D:2      | Found Rephimel's Magic Scroll Emporium.
  1736 | D:2      | Reached skill level 5 in Unarmed Combat
  1736 | D:2      | Reached XP level 4. HP: 35/41 MP: 3/3
  1835 | D:3      | Found Siajoi Mose's General Store.
  2133 | D:3      | Reached XP level 5. HP: 44/48 MP: 4/4
  2161 | D:3      | Found a sacrificial altar of Ru.
  2775 | D:4      | Reached skill level 6 in Unarmed Combat
  2993 | D:4      | Reached XP level 6. HP: 55/55 MP: 5/5
  3020 | D:4      | Reached skill level 7 in Unarmed Combat
  3354 | D:4      | Noticed Grinder
  3356 | D:4      | Paralysed by Grinder for 6 turns
  3365 | D:4      | Killed Grinder
  3366 | D:4      | Reached skill level 8 in Unarmed Combat
  3366 | D:4      | Reached XP level 7. HP: 38/62 MP: 6/6
  3494 | D:4      | Found a runed translucent gate.
  3494 | D:4      | Found a runed translucent gate.
  3494 | D:4      | Found a runed translucent gate.
  3495 | D:4      | Noticed popopop1279's ghost (amateur TeHu)
  3496 | D:4      | Noticed Diggabert's ghost (amateur VSFi)
  3496 | D:4      | Noticed Tiocfaidh's ghost (amateur FoVM)
  3514 | D:4      | Found a staircase to the Ecumenical Temple.
  3594 | Temple   | Entered the Ecumenical Temple
  3664 | Temple   | Became a worshipper of Cheibriados the Contemplative
  3942 | D:4      | Killed Tiocfaidh's ghost
  3943 | D:4      | Reached skill level 9 in Unarmed Combat
  3943 | D:4      | Killed Diggabert's ghost
  3948 | D:4      | HP: 3/62 [popopop1279's ghost (8)]
  3949 | D:4      | Killed popopop1279's ghost
  3950 | D:4      | Reached skill level 10 in Unarmed Combat
  3950 | D:4      | Reached XP level 8. HP: 4/70 MP: 7/7
  4035 | D:5      | Entered Level 5 of the Dungeon
  4132 | D:5      | Found a transporter.
  4323 | D:4      | Reached * piety under Cheibriados
  4375 | D:5      | Reached skill level 11 in Unarmed Combat
  4533 | D:5      | Found an ancient bone altar of Kikubaaqudgha.
  4542 | D:5      | Found a transporter.
  4557 | D:5      | Noticed Menkaure
  4562 | D:5      | Killed Menkaure
  4847 | D:6      | Reached skill level 12 in Unarmed Combat
  4906 | D:6      | Reached XP level 9. HP: 76/76 MP: 8/8
  4967 | D:6      | Found a corrupted altar of Lugonu.
  4968 | D:6      | Found a one-way gate to the infinite horrors of the Abyss.
  5045 | D:6      | Reached ** piety under Cheibriados
  5247 | D:6      | Found a hazy altar of Hepliaklqana.
  5492 | D:6      | Found an ornate altar of the Wu Jian Council.
  5778 | D:7      | Found a broken altar of Ashenzari.
  5859 | D:7      | Reached skill level 13 in Unarmed Combat
  5938 | D:7      | Found an iron altar of Okawaru.
  6305 | D:7      | Found a radiant altar of Vehumet.
  6307 | D:7      | Found an opulent altar of Gozag.
  6370 | D:7      | Reached *** piety under Cheibriados
  6371 | D:7      | Reached skill level 14 in Unarmed Combat
  6586 | D:8      | Noticed Maurice
  6610 | D:8      | Paralysed by a hornet for 1 turns
  6692 | D:7      | Reached XP level 10. HP: 69/85 MP: 9/9
  6920 | D:8      | Found a staircase to the Lair.
  6939 | D:7      | Reached skill level 15 in Unarmed Combat
  7055 | D:8      | Noticed Erica
  7065 | D:8      | Gained mutation: Your mind is acute. (Int +2) [potion of
                  | mutation]
  7065 | D:8      | Gained mutation: Your muscles are strong. (Str +2) [potion
                  | of mutation]
  7065 | D:8      | Gained mutation: You are resistant to electric shocks.
                  | (rElec) [potion of mutation]
  7068 | D:8      | HP: 4/85 [something (2)]
  7069 | D:8      | Mangled by Erica

Illustrated notes

Levels and vault maps discovered:
D:1:      tarquinn_simple_flora_water_e, layout_basic, moated_statue
D:2:      layout_basic, serial_shops, nicolae_shop_window_shopping,
          grunt_decor_junction
D:3:      layout_loops_corners, mainiacjoe_overflow_small_starburst,
          serial_shops, nicolae_shop_advertising_works
          [nicolae_subvault_shop_adworks], grunt_ministairs_5
D:4:      layout_loops_ring, temple_doors_ab, gammafunk_ghost_cemetery,
          uniq_grinder
D:5:      gammafunk_cloud_chamber, layout_cave_pools, lemuel_crystal_altar,
          uniq_menkaure
D:6:      layout_loops_ring, nicolae_wu_jian_glorious_leap, marbit_many_paths,
          amcnicky_altar_lugonu_corruption
D:7:      layout_loops_ring, ashenzari_conservatory_becter,
          overflow_temple_1_default, nicolae_overflow_hidden_temple
D:8:      layout_cave_pools, minmay_lair_entry_grove,
          hangedman_decor_clover_reticule, uniq_erica, uniq_maurice
Temple:   nicolae_temple_god_jail

Skill      XL: |  1  2  3  4  5  6  7  8  9 10 |
---------------+-------------------------------+-----
Unarmed Combat | 4 5 6 8 10 12 14 15 | 15.1
Fighting       | |  1.5
Throwing       | |  1.7
Dodging        | |  2.4

Action                   |  1- 3 |  4- 6 |  7- 9 | 10-12 || total
-------------------------+-------+-------+-------+-------++-------
Melee: Unarmed           |   120 |   104 |   224 |    31 ||   479
       Punch             |     2 |     4 |    19 |     3 ||    28
  Use: Potion            |       |       |     1 |     4 ||     5
       Scroll            |       |       |     3 |       ||     3
 Stab: Sleeping          |     1 |       |       |       ||     1
       Distracted        |       |       |     2 |       ||     2
Armor: Robe              |    34 |    17 |    31 |    12 ||    94
Dodge: Dodged            |    64 |    36 |   115 |    20 ||   235
